 Dungeon Crawl Stone Soup version 0.28-a0-851-g8b9cc49 (webtiles) character file.

Game seed: 1714356410743220398

33 Meow the Covert (level 3, 0/34 HPs)
             Began as a Naga Delver on Nov 14, 2021.
             Slain by a sky beast (4 damage)
             ... on level 5 of the Dungeon.
             The game lasted 00:01:30 (376 turns).

Meow the Covert (Naga Delver)                        Turns: 376, Time: 00:01:30

Health: 0/34       AC:  4    Str: 14    XL:     3   Next: 29%
Magic:  3/3        EV:  8    Int: 11    God:
Gold:   13         SH:  0    Dex: 12    Spells: 2/2 levels left

rFire   . . .      SeeInvis +   a - +0 hand axe
rCold   . . .      Faith    .   (no shield)
rNeg    . . .      Spirit   .   i - +1 ring mail of Ugyplaru {Will+ SInv}
rPois   +          Reflect  .   (no helmet)
rElec   .          Harm     .   (no cloak)
rCorr   .          Rampage  .   (no gloves)
Will    +....                   (no barding)
Stlth   +++.......              (no amulet)
HPRegen 0.11/turn               (no ring)
MPRegen 0.08/turn               (no ring)

@: very slow
A: AC +1, large, see invisible, deformed body, poison resistance, slowness 2,
spit poison 1, naga tail 1
a: Spit Poison


You were on level 5 of the Dungeon.
You visited 1 branch of the dungeon, and saw 1 of its levels.

You collected 13 gold pieces.

Inventory:

Hand Weapons
 a - a +0 hand axe (weapon)
Missiles
 h - 12 arrows
Armour
 b - a +0 leather armour
 i - the +1 ring mail of Ugyplaru (worn) {Will+ SInv}
   (You found it on level 5 of the Dungeon)

   SInv:      It lets you see invisible.
   Will:      It increases your willpower.
Jewellery
 j - a ring of flight
Wands
 g - a wand of digging (3)
 k - a wand of acid (4)
Scrolls
 c - a scroll of fog
 d - a scroll of magic mapping
 e - a scroll of fear
Potions
 f - a potion of haste


   Skills:
 + Level 3.2 Fighting
 + Level 2.1 Axes
 + Level 0.1 Armour
 + Level 1.6 Dodging
 + Level 8.3 Stealth


You had 2 spell levels left.
You didn't know any spells.
Your spell library was empty.

Dungeon Overview and Level Annotations

Branches:
Dungeon (5/15)
 Temple: D:4-7

Altars:


Innate Abilities, Weirdness & Mutations

Your serpentine skin is tough. (AC +1)
You have supernaturally acute eyesight. (SInv)
Armour fits poorly on your strangely shaped body.
Your system is resistant to poisons. (rPois)
You cover ground very slowly.
You can spit poison.
You have a snake-like lower body.


Message History

Aim: a sky beast (asleep)
The splash of poison hits the sky beast.
The sky beast is poisoned.
The sky beast is lightly wounded.
Unknown command.
You have got your breath back.
Press: ? - help, Shift-Dir - straight line, f/p - sky beast
Aim: a sky beast (moderately wounded, poisoned)
The splash of poison misses the sky beast.
The sky beast flickers out of sight for a moment.
You have got your breath back.
The sky beast looks more healthy.
Press: ? - help, Shift-Dir - straight line, f/p - sky beast
Aim: a sky beast (heavily wounded, slightly transparent)
The splash of poison misses the sky beast.
Unknown command.
You closely miss the sky beast.
The sky beast is heavily wounded.
The sky beast hits you. The sky beast shocks you.
The sky beast hits you but does no damage.
You barely miss the sky beast.
The sky beast is heavily wounded.
The sky beast hits you. The sky beast shocks you.
You hit the sky beast but do no damage.
The sky beast is heavily wounded.
The sky beast barely misses you.
You closely miss the sky beast.
The sky beast is heavily wounded.
The sky beast hits you. The sky beast shocks you.
You hit the sky beast but do no damage.
The sky beast is heavily wounded.
You have got your breath back.
The sky beast hits you.
* * * LOW HITPOINT WARNING * * *
The sky beast shocks you.
* * * LOW HITPOINT WARNING * * *
You closely miss the sky beast.
The sky beast is heavily wounded.
The sky beast closely misses you. The sky beast hits you.
You die...

....# ...## ...
#.# #+# #.# #.#
#.# ###.###### #.#
.........#######Y#
.#...#........##@#
.......#.####.##.#
.#..>#.#.####.##.#
.................#
.##.##.#.####.####
.##.##.#.# #.#
.........####.#
###.##........#
#.###########


You could see a sky beast.

Vanquished Creatures
  An iguana (D:5)
  A shadow imp (D:5)
2 creatures vanquished.

Notes
Turn   | Place    | Note
-------+----------+-------------------------------------------
     0 | D:5      | Meow the Naga Delver began the quest for the Orb.
     0 | D:5      | Reached XP level 1. HP: 21/21 MP: 1/1
    60 | D:5      | Identified the +1 ring mail of Ugyplaru {Will+ SInv}
    86 | D:5      | Noticed an iguana
    89 | D:5      | Reached XP level 2. HP: 22/28 MP: 2/2
    97 | D:5      | Reached skill level 8 in Stealth
    97 | D:5      | Reached XP level 3. HP: 8/34 MP: 3/3
   361 | D:5      | Noticed a sky beast
   376 | D:5      | Slain by a sky beast

Illustrated notes

Levels and vault maps discovered:
D:5:      layout_loops_corners, serial_bayou_pond_d

Skill      XL: |  1  2 |
---------------+-------+-----
Stealth        | 8 |  8.3
Fighting       | |  3.2
Axes           | |  2.1
Armour         | |  0.1
Dodging        | |  1.6

Action                   || total
-------------------------++-------
Melee: Hand axe          ||    16
 Abil: Spit Poison       ||     4
Armor: Ring mail         ||     4
Dodge: Dodged            ||     4

Table legend: (Time is in decaauts)
 A = Elapsed time spent in this place.
 B = Non-inter-level travel time spent in this place.
 C = Inter-level travel time spent in this place.
 D = Time resting spent in this place.
 E = Time spent auto-exploring this place.
 F = Levels seen in this place.
 G = Mean time per level.
                   A        B        C        D        E       F      G
               +--------+--------+--------+--------+--------+-----+--------+
         Total |    421 |    421 |      0 |    234 |     40 |   1 |  421.0 |
       Dungeon |    421 |    421 |      0 |    234 |     40 |   1 |  421.0 |
               +--------+--------+--------+--------+--------+-----+--------+

Top non-repeatable levels by time:
     D:5: 421 daAuts
